 Seeded DCSS version 0.28-a0-1638-g9123634e07 (webtiles) character file.

Game seed: 20211226 (custom seed)

2267 muata the Fighter (level 9, -1/127 HPs)
             Began as a Minotaur Berserker on Jan 25, 2022.
             Was an Elder of Trog.
             Slain by an orc (4 damage)
             ... in a bailey.
             The game lasted 00:17:16 (7333 turns).

muata the Fighter (Minotaur Berserker)              Turns: 7333, Time: 00:17:16

Health: -1/127     AC: 12    Str: 23    XL:     9   Next: 16%
Magic:  8/8        EV:  8    Int:  4    God:    Trog [****..]
Gold:   258        SH:  0    Dex: 13    Spells: 8/8 levels left

rFire   . . .      SeeInvis .   r - +6 dire flail
rCold   . . .      Faith    .   (shield currently unavailable)
rNeg    . . .      Spirit   .   f - +0 chain mail
rPois   .          Reflect  .   (helmet restricted)
rElec   .          Harm     .   (no cloak)
rCorr   .          Rampage  .   k - +2 pair of gloves
Will    .....                   (no boots)
Stlth   ..........              (no amulet)
HPRegen 0.31/turn               (no ring)
MPRegen 0.11/turn               (no ring)

@: berserking, very quick
A: horns 2, retaliatory headbutt
a: Renounce Religion, Berserk, Trog's Hand, Brothers in Arms


You were in a bailey.
You worshipped Trog.
Trog was greatly pleased with you.
You visited 1 branch of the dungeon, and saw 7 of its levels.
You also visited: Ossuary and Bailey.

You collected 258 gold pieces.

Inventory:

Hand Weapons
 o - a +0 war axe
 r - a +6 dire flail (weapon)
Missiles
 m - 8 javelins (quivered)
 p - 2 throwing nets
Armour
 f - a +0 chain mail (worn)
 k - a +2 pair of gloves (worn)
Wands
 F - a wand of iceblast (7)
Scrolls
 c - 2 scrolls of blinking {unknown}
 h - 2 scrolls of enchant armour
 i - a scroll of acquirement {unknown}
 n - 3 scrolls of fear
 s - 2 scrolls of teleportation {unknown}
 x - a scroll of summoning {unknown}
 y - a scroll of torment {unknown}
 B - 2 scrolls of enchant weapon {unknown}
 C - a scroll of vulnerability {unknown}
 E - a scroll of immolation {unknown}
Potions
 d - a potion of flight {unknown}
 e - a potion of berserk rage {unknown}
 j - 5 potions of lignification
 l - 3 potions of curing
 q - 4 potions of heal wounds
 t - a potion of ambrosia
 u - a potion of haste {unknown}
 v - a potion of resistance
 w - a potion of brilliance {unknown}
 A - a potion of attraction {unknown}
 D - 2 potions of mutation


   Skills:
 - Level 10.2 Fighting
 - Level 8.4(9.5) Axes
 + Level 6.8(8.7) Maces & Flails
 + Level 4.5 Armour
 - Level 2.1 Dodging


You had 8 spell levels left.
You didn't know any spells.
Your spell library was empty.

Dungeon Overview and Level Annotations

Branches:
Dungeon (7/15)             Temple (0/1) D:5         Ossuary (visited)
 Bailey (1/1)

Altars:
Cheibriados
Hepliaklqana
Nemelex Xobeh
Sif Muna
Zin
The Shining One


Innate Abilities, Weirdness & Mutations

You have a pair of horns on your head.
You reflexively headbutt those who attack you in melee.


Message History

You kill the orc!
Trog accepts your kill.
The orc hits you from afar with a +0 spear.
* * * LOW HITPOINT WARNING * * *
The centaur throws a javelin.
The javelin pierces through you.
* * * LOW HITPOINT WARNING * * *
The centaur throws a javelin.
The javelin pierces through you but does no damage.
Things that are here:
a +0 halberd; a +0 scale mail; an orc corpse The centaur throws a javelin.
The javelin pierces through you!
* * * LOW HITPOINT WARNING * * *
The orc closely misses you. The orc barely misses you. x2
A red film seems to cover your vision as you go berserk!
You feel yourself moving faster!
You feel mighty! The orc hits you but does no damage.
The orc barely misses you. You furiously retaliate!
You headbutt the orc. The orc hits you but does no damage.
You barely miss the orc.
The orc is severely wounded.
The orc closely misses you. The orc barely misses you. x2
You puncture the orc!
You kill the orc!
Trog accepts your kill. The orc hits you with a +0 halberd.
* * * LOW HITPOINT WARNING * * *
Things that are here:
a +0 halberd; a +0 chain mail; an orc corpse Why would you want to do that?
You closely miss the orc. You headbutt the orc!
You kill the orc!
Trog accepts your kill. The orc completely misses you.
The orc barely misses you.
Things that are here:
a +0 halberd; a +0 chain mail Why would you want to do that?
You barely miss the orc. The orc closely misses you.
The orc hits you from afar with a +0 trident.
You die...

######
#####.....##
##....≈≈≈≈≈..
#.⌠.≈≈≈...≈≈≈
#..≈≈..≈.≈..≈≈..#
#.≈≈.≈≈≈.≈≈≈.≈≈.#
##.≈.≈≈oo...≈≈.≈o#
#o≈≈.≈@≈≈≈≈≈.≈.≈≈.
#.≈.≈≈)≈...≈.≈≈.≈.
#.≈o≈.≈≈...≈≈.≈.≈.
#.≈.≈.≈.⌠∩⌠.≈.≈.≈.
#.≈.≈.≈..∩..≈.≈.≈.
#.≈.≈.≈.⌠∩⌠.≈.≈.≈.
#.≈.≈)≈≈...≈≈.≈.≈.
#.≈.≈≈.≈...≈.≈≈.≈.
#.≈≈.≈.≈≈.≈≈.≈.≈≈.


You could see 4 orcs.

Vanquished Creatures
  2 steam dragons
  Edmund (D:5)
  An orc warrior (D:6)
  A sky beast (D:7)
  A black bear (D:6)
  A necrophage (D:6)
  2 ogres
  A centaur (D:6)
  A kobold brigand (D:4)
  Blork the orc (D:4)
  A scorpion (D:5)
  2 water moccasin skeletons (D:4)
  5 wights (D:6)
  3 jellies
  A human zombie (Ossuary)
  3 hounds
  4 orc priests
  4 iguanas
  4 orc wizards
  A killer bee zombie (D:7)
  4 mummies
  Robin (D:4)
  7 adders
  2 white imps
  4 adder zombies (Ossuary)
  An adder skeleton (D:4)
  3 worms
  2 dart slugs
  20 orcs
  2 bats
  7 endoplasms
  4 giant cockroaches
  12 goblins
  11 hobgoblins
  14 kobolds
  8 quokkas
  5 ball pythons
  7 frilled lizards
  A goblin skeleton (D:4)
  2 goblin zombies (Ossuary)
  9 hobgoblin zombies
  2 kobold skeletons (D:4)
  3 kobold zombies
  2 orc zombies
  3 quokka zombies (Ossuary)
  5 rats
  3 rat zombies (Ossuary)
184 creatures vanquished.

Vanquished Creatures (others)
  35 plants (D:4)
35 creatures vanquished.

Grand Total: 219 creatures vanquished

Notes
Turn   | Place    | Note
-------+----------+-------------------------------------------
     0 | D:1      | muata the Minotaur Berserker began the quest for the Orb.
     0 | D:1      | Reached XP level 1. HP: 19/19 MP: 0/0
   168 | D:1      | Reached skill level 4 in Fighting
   169 | D:1      | Reached XP level 2. HP: 7/27 MP: 1/1
   845 | D:1      | Found a faded altar of an unknown god.
   869 | D:1      | Reached ** piety under Trog
  1128 | D:2      | Reached XP level 3. HP: 28/34 MP: 2/2
  2742 | D:3      | Found a glowing silver altar of Zin.
  2921 | D:3      | Reached XP level 4. HP: 39/41 MP: 3/3
  3063 | D:3      | Found a hazy altar of Hepliaklqana.
  3447 | D:4      | Reached skill level 5 in Fighting
  3447 | D:4      | Reached skill level 5 in Axes
  3526 | D:4      | Reached XP level 5. HP: 50/50 MP: 4/4
  3555 | D:4      | Reached skill level 6 in Fighting
  3644 | D:4      | Noticed a steam dragon
  3672 | D:4      | Killed a steam dragon
  3673 | D:4      | Reached XP level 6. HP: 27/58 MP: 5/5
  3821 | D:4      | Found a shimmering blue altar of Sif Muna.
  4178 | D:4      | Reached skill level 7 in Fighting
  4308 | D:4      | Noticed Blork the orc
  4314 | D:4      | Killed Blork the orc
  4315 | D:4      | Reached XP level 7. HP: 43/66 MP: 6/6
  4473 | D:4      | Reached *** piety under Trog
  4505 | D:4      | Found a glowing golden altar of the Shining One.
  4611 | D:4      | Noticed Robin
  4626 | D:4      | Killed Robin
  4786 | D:5      | Entered Level 5 of the Dungeon
  4870 | D:5      | Noticed Edmund
  4879 | D:5      | Reached skill level 8 in Fighting
  4882 | D:5      | Killed Edmund
  4884 | D:5      | HP: 5/102 [acid (9)]
  5302 | D:5      | Reached skill level 1 in Maces & Flails
  5344 | D:5      | Noticed a steam dragon
  5347 | D:5      | Killed a steam dragon
  5348 | D:5      | Reached XP level 8. HP: 51/77 MP: 7/7
  5350 | D:5      | Found a staircase to the Ecumenical Temple.
  5481 | D:5      | Reached skill level 9 in Fighting
  5732 | D:5      | Found a snail-covered altar of Cheibriados.
  5958 | D:6      | Found a sand-covered staircase.
  5963 | Ossuary  | Entered an ossuary
  6121 | Ossuary  | Reached **** piety under Trog
  6399 | D:6      | Reached skill level 10 in Fighting
  6399 | D:6      | Reached skill level 5 in Maces & Flails
  6687 | D:6      | Reached XP level 9. HP: 85/85 MP: 8/8
  6874 | D:6      | Found a sparkling altar of Nemelex Xobeh.
  7132 | D:7      | Found a flagged portal.
  7160 | D:7      | HP: 4/85 [orc (2)]
  7299 | Bailey   | Entered a bailey
  7323 | Bailey   | HP: 2/85 [centaur/javelin (8)]
  7330 | Bailey   | HP: 3/127 [orc (2)]
  7333 | Bailey   | Slain by an orc

Illustrated notes

Levels and vault maps discovered:
D:1:      amcnicky_arrival_feature_with_door, layout_basic,
          hellmonk_ecumenical_altar_arch_garden, st_stairs_12, moated_statue
D:2:      layout_loops_corners, lemuel_flame_loot_1
D:3:      layout_basic, worldfamousw_hep_ancestral_shrine, zin_statuary,
          minmay_hedge_maze, kennysheep_big_empty_room, roderic_roman_lattice
D:4:      layout_basic, mainiacjoe_overflow_six_doors_small,
          nicolae_tso_besieged_by_evil, kennysheep_nub, serial_bayou_pond_c,
          lexackson_kobold_supper, uniq_blork_the_orc, uniq_robin
D:5:      layout_rooms, slow_altar_2, temple_doors_e, uniq_edmund
D:6:      layout_cave_pools, nemelex_spade_bored_becter, enter_ossuary_5,
          minmay_misc_feat_columns
D:7:      statuecave_lemuel, layout_basic, nicolae_overflow_hidden_temple,
          enter_bailey_4, kennysheep_small_square, uniq_harold
Bailey:   bailey_polearm_flooded_kennysheep, bailey

Skill      XL: |  1  2  3  4  5  6  7  8  9 |
---------------+----------------------------+-----
Fighting       | 4 5 6 7 8 10 | 10.2
Axes           | 4 5 6 7 8 |  8.4
Maces & Flails | 2 6 |  6.8
Armour         | 3 4 |  4.5
Dodging        | |  2.1

Action                   |  1- 3 |  4- 6 |  7- 9 || total
-------------------------+-------+-------+-------++-------
Melee: Hand axe          |   128 |    68 |       ||   196
       Headbutt          |    19 |    22 |    29 ||    70
       Punch             |     2 |     2 |     1 ||     5
       War axe           |       |    29 |    51 ||    80
       Dire flail        |       |       |   159 ||   159
Invok: Berserk           |       |     2 |     5 ||     7
  Use: Scroll            |       |       |     8 ||     8
Armor: Animal skin       |     1 |       |       ||     1
       Chain mail        |    60 |    53 |   130 ||   243
Dodge: Dodged            |    77 |    36 |   111 ||   224

Table legend: (Time is in decaauts)
 A = Elapsed time spent in this place.
 B = Non-inter-level travel time spent in this place.
 C = Inter-level travel time spent in this place.
 D = Time resting spent in this place.
 E = Time spent auto-exploring this place.
 F = Levels seen in this place.
 G = Mean time per level.
                   A        B        C        D        E       F      G
               +--------+--------+--------+--------+--------+-----+--------+
         Total |   7385 |   7144 |    241 |   1367 |   4244 |   9 |  820.6 |
       Dungeon |   7082 |   6841 |    241 |   1265 |   4226 |   7 | 1011.7 |
       Ossuary |    270 |    270 |      0 |    102 |     18 |   1 |  270.0 |
        Bailey |     31 |     31 |      0 |      0 |      0 |   1 |   31.0 |
               +--------+--------+--------+--------+--------+-----+--------+

Top non-repeatable levels by time:
     D:2: 1444 daAuts
     D:4: 1381 daAuts
     D:1: 1071 daAuts
     D:5: 1057 daAuts
     D:3: 935 daAuts
     D:6: 886 daAuts
     D:7: 305 daAuts
 Ossuary: 270 daAuts
  Bailey: 31 daAuts
